Map: New Repugnancy LE

Players

ikkete

  • Race: Protoss Protoss
  • League: Diamond
  • Spawn Location: 7:00

PeLLy - Winner!

  • Race: Zerg Zerg
  • League: Diamond
  • Spawn Location: 1:00

VOD

Have the link to the VOD?

Description

Time

  • Played on: Aug. 16, 2019, 2:52 p.m.
  • Length: 11:59
Show
View Real Time Build Order
Export as new Build Order

ikkete Protoss 

Build Orders: Archon Immortal 

Get SALT Encoding   

  12  0:00  Probe  
  13  0:13  Probe  
  14  0:24  Pylon  
  14  0:25  Probe  
  15  0:39  Probe  
  16  0:42  Gateway  
  16  0:47  Probe  
  16  0:53  Assimilator  
  16  0:56  Probe  
  18  1:09  Probe  
  19  1:21  Probe  
  20  1:33  Cybernetics Core  
  20  1:35  Probe  
  21  1:47  Probe  
  22  1:59  Probe  
  22  2:00  Warp Gate  
  23  2:19  Probe  
  23  2:28  Pylon  
  23  2:41  Robotics Facility  
  23  2:46  Zealot, Probe  
  23  2:48  Assimilator  
  26  2:58  Nexus  
  25  3:02  Probe  
  26  3:14  Probe  
  26  3:17  Adept  
  29  3:21  Gateway  
  29  3:37  Pylon, Observer  
  30  3:45  Probe  
  31  3:51  Gateway  
  31  4:01  Immortal  
  35  4:11  Probe x2  
  37  4:22  Stalker x2  
  41  4:29  Probe x2  
  43  4:44  Probe x2  
  45  4:49  Immortal  
  45  4:51  Pylon  
  49  4:53  Zealot  
  49  4:58  Probe x2  
  53  5:08  Twilight Council  
  53  5:15  Probe x2  
  53  5:18  Zealot x2  
  60  5:28  Probe x2  
  60  5:30  Pylon, Assimilator  
  60  5:35  Charge  
  61  5:45  Pylon  
  61  5:48  Immortal  
  65  5:54  Probe x2  
  65  5:57  Assimilator  
  67  6:15  Nexus  
  67  6:22  Probe x2  
  67  6:25  Pylon  
  69  6:26  Zealot x3  
  69  6:28  Warp Prism  
  77  6:36  Probe  
  78  6:43  Probe  
  79  6:52  Gateway  
  79  6:53  Probe  
  79  6:54  Gateway  
  80  6:56  Probe, Forge  
  81  7:03  Pylon  
  81  7:11  Gateway x2  
  81  7:18  Immortal  
  81  7:22  Protoss Ground Weapons Level 1  
  85  7:26  Probe  
  85  7:27  Probe  
  85  7:29  Probe  
  88  7:30  Zealot x2  
  92  7:44  Probe x3  
  87  7:53  Immortal  
  91  8:04  Zealot x4  
  99  8:12  Probe x3  
  102  8:18  Zealot x2  
  82  8:30  Immortal, Zealot x3  
  82  8:31  Zealot  
  90  8:39  Probe  
  90  8:40  Probe x2  
  97  8:42  Templar Archives  
  97  8:48  Zealot x2  
  101  8:53  Pylon  
  101  8:55  Pylon  
  101  9:10  Gateway  
  101  9:11  Probe x3  
  101  9:13  Pylon  
  101  9:15  Observer  
  101  9:16  Pylon  
  105  9:17  Protoss Ground Weapons Level 2  
  105  9:27  High Templar x4  
  105  9:28  High Templar x2  
  117  9:33  Pylon, Probe x2  
  117  9:34  Archon x3, Probe  
  117  9:35  Pylon  
  120  9:43  Forge  
  120  9:44  Gateway  
  120  9:51  Probe  
  120  9:52  Probe x2  
  123  10:04  Probe  
  123  10:05  Zealot x7  
  102  10:24  Zealot x3  
  102  10:25  Zealot x3  
  108  10:34  Zealot  
  78  10:45  Zealot x2  
  78  10:46  Zealot x3  
  78  10:47  Zealot  
  90  10:51  Probe x3  
  90  10:55  Assimilator  
  93  10:57  Immortal  
  93  10:58  High Templar x2, Assimilator  
  101  11:08  Gateway  
  101  11:11  Archon  
  99  11:12  Gateway  
  99  11:13  Gateway, Zealot x2  
  99  11:15  High Templar x2  
  99  11:16  High Templar x2  
  91  11:19  Archon  
  91  11:20  Archon  
  53  11:33  Zealot x2  
  53  11:34  Zealot x2  
  61  11:45  Zealot x2  
  64  11:49  High Templar x2  
  64  11:52  High Templar  
Show
View Real Time Build Order
Export as new Build Order

PeLLy Zerg - Winner!

Build Orders: 3 Hatch before Pool 

Get SALT Encoding   

  12  0:01  Drone  
  13  0:09  Drone  
  14  0:15  Extractor  
  14  0:16  Drone  
  15  0:27  Overlord  
  15  0:46  Drone x3  
  18  0:58  Hatchery  
  17  1:20  Hatchery  
  17  1:21  Drone  
  17  1:37  Spawning Pool  
  16  1:43  Evolution Chamber  
  16  1:46  Drone  
  17  1:47  Drone x2  
  19  1:59  Drone  
  20  2:09  Drone  
  21  2:31  Queen  
  21  2:32  Overlord  
  21  2:34  Zergling x4  
  21  2:36  Hatchery  
  24  2:39  Queen  
  24  2:41  Drone  
  24  2:43  Zergling x2  
  28  2:55  Drone x2  
  30  3:02  Drone  
  31  3:06  Drone  
  32  3:13  Drone  
  32  3:16  Drone  
  32  3:17  Queen  
  36  3:32  Overlord x2  
  35  3:39  Extractor  
  35  3:40  Extractor  
  35  3:41  Drone x2  
  34  3:58  Drone x7  
  34  4:02  Extractor  
  40  4:04  Extractor  
  39  4:11  Drone  
  39  4:12  Drone  
  39  4:13  Drone x2  
  43  4:21  Queen  
  43  4:22  Drone x3  
  48  4:51  Drone  
  48  4:52  Drone x8  
  57  4:54  Overlord x3  
  57  5:01  Evolution Chamber  
  57  5:03  Roach Warren, Evolution Chamber  
  54  5:10  Drone x3  
  54  5:12  Overlord x3  
  57  5:14  Lair  
  57  5:16  Metabolic Boost  
  57  5:19  Drone x3  
  60  5:26  Pneumatized Carapace  
  60  5:27  Drone  
  60  5:28  Drone x3  
  64  5:36  Extractor  
  64  5:37  Extractor  
  62  5:53  Drone  
  62  5:54  Drone x3  
  66  6:02  Drone x8  
  74  6:06  Zerg Missile Weapons Level 1  
  74  6:07  Zerg Melee Weapons Level 1  
  74  6:10  Baneling Nest  
  73  6:24  Roach  
  73  6:25  Hatchery, Roach x9  
  92  6:30  Queen  
  94  6:36  Spore Crawler  
  94  6:38  Spore Crawler  
  92  6:45  Spore Crawler  
  91  6:54  Glial Reconstitution  
  91  6:55  Centrifical Hooks  
  91  6:57  Roach x7  
  105  7:04  Overlord x3  
  105  7:10  Overlord x2  
  104  7:25  Roach x3  
  104  7:26  Roach x8  
  126  7:31  Hydralisk Den  
  126  7:32  Zergling x6  
  126  7:34  Overlord  
  108  8:11  Overlord x3  
  108  8:12  Hydralisk x7  
  104  8:15  Zerg Missile Weapons Level 2  
  93  8:31  Roach x5  
  103  8:37  Overseer  
  103  8:42  Drone x3  
  106  8:56  Hydralisk x7  
  120  9:06  Grooved Spines  
  120  9:10  Zerg Melee Weapons Level 2  
  120  9:11  Tunneling Claws  
  120  9:13  Zergling x2  
  120  9:14  Zergling x24  
  133  9:19  Drone  
  133  9:20  Drone  
  133  9:22  Extractor  
  133  9:23  Extractor  
  133  9:32  Ravager x5  
  133  9:33  Ravager x2  
  133  9:34  Ravager  
  133  9:36  Roach x10  
  161  9:40  Baneling x6  
  153  10:13  Hydralisk, Roach x6  
  153  10:14  Hydralisk x5, Roach x5  
  161  10:18  Muscular Augments  
  145  10:33  Roach x5, Zergling x6  
  125  10:47  Hydralisk x7  
  133  10:55  Drone  
  134  11:04  Hatchery  
  122  11:17  Zergling x8  
  122  11:18  Zergling x8  
  124  11:29  Roach x13  
  124  11:30  Roach, Zergling x2  
  151  11:37  Overseer x2  
  151  11:38  Overseer x2  
Tags
 
Add a new tag
Caveats
  • Supply blocks, unpowered buildings, or Contaminate may cause inaccurate times.
  • Supply counts are checked every 10 seconds.